 Dungeon Crawl Stone Soup version 0.30-a0-393-g54b8e3be05 (webtiles) character file.

Game seed: 16739466063218548178

1558 bande the Chopper (level 8, -10/50 HPs)
             Began as a Gargoyle Fighter on Dec 5, 2022.
             Was a Believer of Okawaru.
             Mangled by a hornet (11 damage)
             ... on level 7 of the Dungeon.
             The game lasted 00:07:46 (6020 turns).

bande the Chopper (Gargoyle Fighter)                Turns: 6020, Time: 00:07:46

Health: -10/50     AC: 18    Str: 20    XL:     8   Next: 88%
Magic:  10/10      EV: 13    Int:  9    God:    Okawaru [**....]
Gold:   351        SH:  5    Dex: 11    Spells: 7/7 levels left

rFire   . . .      SeeInvis .    a - +0 war axe
rCold   . . .      Faith    .    c - +0 buckler
rNeg    + . .      Spirit   .    h - +0 plate armour
rPois   ∞          Reflect  .    (no helmet)
rElec   +          Harm     .    (no cloak)
rCorr   .          Rampage  .    (no gloves)
Will    .....                    (no boots)
Stlth   ..........               (no amulet)
HPRegen 0.28/turn                y - +4 ring of evasion
MPRegen 0.12/turn                E - +4 ring of evasion

@: no status effects
A: sickness immunity, AC +5, negative energy resistance 1, electricity
resistance, torment resistance 1, petrification resistance
a: Renounce Religion, Heroism


You were on level 7 of the Dungeon.
You worshipped Okawaru.
Okawaru was pleased with you.
You visited 2 branches of the dungeon, and saw 8 of its levels.
You also visited: Sewer.

You collected 351 gold pieces.

Inventory:

Hand Weapons
 a - a +0 war axe (weapon)
 w - a +0 war axe
 D - a +1 flail of holy wrath
Armour
 c - a +0 buckler (worn)
 h - a +0 plate armour (worn)
Jewellery
 y - a +4 ring of evasion (left hand)
 E - a +4 ring of evasion (right hand)
Scrolls
 b - a scroll of blinking {unknown}
 e - a scroll of fear {unknown}
 f - 7 scrolls of identify {unknown}
 g - 8 scrolls of teleportation
 i - 2 scrolls of magic mapping {unknown}
 j - a scroll of butterflies {unknown}
 l - 2 scrolls of enchant weapon {unknown}
 p - 2 scrolls of enchant armour {unknown}
 u - a scroll of noise {unknown}
 z - a scroll of immolation {unknown}
 C - a scroll of silence {unknown}
Potions
 d - 3 potions of might
 k - 3 potions of brilliance {unknown}
 m - a potion of experience {unknown}
 n - a potion of mutation {unknown}
 o - a potion of cancellation {unknown}
 q - 5 potions of flight
 r - a potion of degeneration {unknown}
 s - 3 potions of haste {unknown}
 t - 2 potions of heal wounds {unknown}
 v - 3 potions of curing {unknown}
 x - a potion of attraction {unknown}
 A - a potion of berserk rage {unknown}


   Skills:
 + Level 5.5 Fighting
 + Level 6.8 Axes
 + Level 6.2 Armour
 + Level 4.6 Shields
 * Level 3.9 Invocations


You had 7 spell levels left.
You didn't know any spells.
Your spell library contained the following spells:

 Spells                   Type           Power      Damage    Failure   Level
 Apportation              Tloc           0%         N/A       100%        1
 Beastly Appendage        Tmut           0%         N/A       100%        1
 Sting                    Tmut/Pois      0%         1d3       100%        1
 Blink                    Tloc           0%         N/A       100%        2
 Airstrike                Air            0%         2d(0-16)  100%        4
 Manifold Assault         Tloc           0%         N/A       100%        4
 Passage of Golubria      Tloc           0%         N/A       100%        4
 Alistair's Intoxication  Tmut/Pois      0%         N/A       100%        5
 Lightning Bolt           Conj/Air       0%         1d11      100%        5
 Silence                  Hex/Air        0%         N/A       100%        5
 Storm Form               Tmut/Air       0%         N/A       100%        7
 Lehudib's Crystal Spear  Conj/Erth      0%         10d2      100%        8
 Summon Lightning Spire   Summ/Air       Unusable   N/A       N/A         4

Dungeon Overview and Level Annotations

Branches:
Dungeon (7/15)             Temple (1/1) D:4           Sewer (visited)

Altars:
Ashenzari
Cheibriados
Kikubaaqudgha
Makhleb
Nemelex Xobeh
Okawaru
Sif Muna
Trog
Vehumet
Zin
The Shining One


Innate Abilities, Weirdness & Mutations

You are immune to sickness and miasma.
Your stone body is resilient. (AC +5)
You are immune to poison.
You resist negative energy. (rN+)
You are resistant to electric shocks. (rElec)
You are resistant to unholy torment.
You are immune to petrification.


Message History

The hornet is moderately wounded.
The hornet stings you.
* * * LOW HITPOINT WARNING * * *
You hit the hornet but do no damage.
The hornet is moderately wounded.
The hornet stings you but does no damage.
You block the hornet's attack.
You hit the hornet but do no damage.
The hornet is moderately wounded.
The hornet closely misses you. You block the hornet's attack.
You closely miss the hornet.
The hornet is moderately wounded.
The hornet stings you but does no damage. x2
You miss the hornet.
The hornet is moderately wounded.
The hornet stings you but does no damage.
You block the hornet's attack.
You closely miss the hornet.
The hornet is moderately wounded.
The hornet stings you!
* * * LOW HITPOINT WARNING * * *
The hornet stings you but does no damage.
You hit the hornet.
The hornet is heavily wounded.
The hornet misses you.
You closely miss the hornet.
The hornet is heavily wounded.
The hornet stings you but does no damage.
You block the hornet's attack.
You slash the hornet!
The hornet is severely wounded.
The hornet stings you.
* * * LOW HITPOINT WARNING * * *
The hornet stings you but does no damage.
You slash the hornet!
The hornet is almost dead.
The hornet stings you.
* * * LOW HITPOINT WARNING * * *
The hornet stings you!
You die...

.#
##...............#
.#
#..............##
## .
##.............# #
.. ##............##
#
...##.............#
........$........##
................##
..........#....##
......y@###..###
...?...## ##.#
....... #.. .......
#..# ....... ##.#
....... .......
.......


You could see a hornet.

Vanquished Creatures
  An orc warrior (D:4)
  An ice beast (D:6)
  A black bear (D:5)
  A sky beast (D:5)
  An ogre (D:6)
  A centaur (D:7)
  2 phantoms
  2 kobold brigands
  A bullfrog (D:6)
  A necrophage (D:6)
  A scorpion (D:5)
  2 jellies
  2 hounds
  Terence (D:2)
  2 iguanas
  3 orc wizards
  A merfolk siren (Sewer)
  A merfolk avatar (Sewer)
  4 river rats
  9 adders
  A white imp (D:6)
  4 worms
  4 dart slugs
  7 orcs
  6 ball pythons
  7 bats
  5 endoplasms
  7 giant cockroaches
  8 goblins
  8 hobgoblins
  6 quokkas
  3 frilled lizards
  16 kobolds
  29 rats
149 creatures vanquished.

Notes
Turn   | Place    | Note
-------+----------+-------------------------------------------
     0 | D:1      | bande the Gargoyle Fighter began the quest for the Orb.
     0 | D:1      | Reached XP level 1. HP: 14/14 MP: 1/1
   124 | D:1      | Reached XP level 2. HP: 19/19 MP: 2/2
   283 | D:1      | Reached XP level 3. HP: 24/24 MP: 3/3
  1039 | D:2      | Reached XP level 4. HP: 29/29 MP: 4/4
  1051 | D:2      | Noticed Terence
  1061 | D:2      | Killed Terence
  1183 | D:2      | Found a faded altar of an unknown god.
  1505 | D:3      | Identified the +6 short sword "Wes Heal" {vorpal, rC++ MP-9
                  | Str+8}
  1761 | D:3      | Reached XP level 5. HP: 33/33 MP: 5/5
  1885 | D:3      | Found a glowing drain.
  1906 | Sewer    | Entered a sewer
  2193 | Sewer    | Reached XP level 6. HP: 21/38 MP: 6/6
  2744 | D:3      | Found a sparkling altar of Nemelex Xobeh.
  2891 | D:4      | Found a staircase to the Ecumenical Temple.
  2916 | Temple   | Entered the Ecumenical Temple
  2988 | Temple   | Became a worshipper of Warmaster Okawaru
  3107 | D:4      | Reached skill level 1 in Invocations
  3368 | D:4      | Noticed an orc warrior
  3369 | D:4      | Found a bloodstained altar of Trog.
  3378 | D:4      | Killed an orc warrior
  3379 | D:4      | Reached skill level 5 in Axes
  3379 | D:4      | Reached XP level 7. HP: 7/44 MP: 6/8
  3633 | D:4      | Found a shimmering blue altar of Sif Muna.
  3639 | D:4      | Got Sif Muna's Directory of Variation
  3809 | D:5      | Entered Level 5 of the Dungeon
  3847 | D:5      | Reached skill level 5 in Armour
  3913 | D:5      | Found a glowing golden altar of the Shining One.
  4138 | D:5      | Identified the +0 robe "Hich" {rPois rF+}
  4189 | D:5      | Reached * piety under Okawaru
  4310 | D:5      | Reached XP level 8. HP: 43/48 MP: 9/9
  4598 | D:6      | Reached skill level 5 in Fighting
  5275 | D:6      | Identified the ring "Texaowett" {Wiz Str+2 Int+4}
  5288 | D:6      | Reached ** piety under Okawaru
  5985 | D:7      | Noticed a hornet
  6020 | D:7      | HP: 1/50 [hornet (3)]
  6020 | D:7      | Mangled by a hornet

Illustrated notes

Levels and vault maps discovered:
D:1:      lightli_arrival_isolated_outpost, layout_loops_ring
D:2:      layout_basic, hellmonk_ecumenical_altar_inner_sanctum,
          minmay_pentomino_q2, uniq_terence
D:3:      layout_loops_ring, lemuel_tele_altar, lightli_sewer_entry_pipes,
          minmay_ruptured
D:4:      layout_rooms, nzn_overflow_gifts_of_might_and_magic,
          minmay_temple_entry_slanted
D:5:      layout_loops_cross, general_overflow_altar
D:6:      layout_cave_pods
D:7:      layout_cave_pods
Temple:   eino_temple_water

Skill      XL: |  1  2  3  4  5  6  7  8 |
---------------+-------------------------+-----
Axes           | 2 3 4 5 6 |  6.8
Armour         | 4 5 6 |  6.2
Fighting       | 4 5 |  5.5
Shields        | 4 |  4.6
Invocations    | 1 2 3 |  3.9

Action                   |  1- 3 |  4- 6 |  7- 9 || total
-------------------------+-------+-------+-------++-------
Melee: War axe           |   110 |   299 |   183 ||   592
Armor: Scale mail        |    22 |       |       ||    22
       Plate armour      |    51 |   189 |   162 ||   402
Dodge: Dodged            |    46 |    83 |    68 ||   197
Block: Buckler           |    27 |    63 |    53 ||   143

Table legend: (Time is in decaauts)
 A = Elapsed time spent in this place.
 B = Non-inter-level travel time spent in this place.
 C = Inter-level travel time spent in this place.
 D = Time resting spent in this place.
 E = Time spent auto-exploring this place.
 F = Levels seen in this place.
 G = Mean time per level.
                   A        B        C        D        E       F      G
               +--------+--------+--------+--------+--------+-----+--------+
         Total |   6309 |   6230 |     79 |    683 |   4008 |   9 |  701.0 |
       Dungeon |   5611 |   5532 |     79 |    683 |   3625 |   7 |  801.6 |
        Temple |     99 |     99 |      0 |      0 |     52 |   1 |   99.0 |
         Sewer |    598 |    598 |      0 |      0 |    331 |   1 |  598.0 |
               +--------+--------+--------+--------+--------+-----+--------+

Top non-repeatable levels by time:
     D:6: 1247 daAuts
     D:3: 977 daAuts
     D:4: 838 daAuts
     D:1: 785 daAuts
     D:2: 756 daAuts
     D:5: 738 daAuts
   Sewer: 598 daAuts
     D:7: 266 daAuts
  Temple: 99 daAuts
